 Dungeon Crawl Stone Soup version 0.23.2-30-g0e89c35649 (webtiles) character file.

Game seed: 7629403410847576983

113 kaze the Skirmisher (level 4, -2/41 HPs)
             Began as a Hill Orc Fighter on June 12, 2019.
             Killed by nerve-wracking pain
             ... invoked by an orc priest
              (10 damage)
             ... on level 3 of the Dungeon.
             The game lasted 00:03:44 (1471 turns).

kaze the Skirmisher (Hill Orc Fighter)              Turns: 1471, Time: 00:03:44

Health: -2/41      AC:  9    Str: 24    XL:     4   Next: 96%
Magic:  4/4        EV:  6    Int:  8    God:
Gold:   130        SH: 10    Dex: 10    Spells: 3/3 levels left

rFire    . . .     SeeInvis .   a - +0 war axe
rCold    . . .     Gourm    .   c - +0 shield
rNeg     . . .     Faith    .   k - +0 chain mail
rPois    +         Spirit   .   (no helmet)
rElec    .         Reflect  .   (no cloak)
rCorr    .         Harm     .   (no gloves)
MR       .....                  (no boots)
Stlth    ..........             (no amulet)
HPRegen  0.13/turn              g - ring of poison resistance
MPRegen  0.09/turn              (no ring)

@: mighty
A: no striking features
a: Convert to Beogh


You were on level 3 of the Dungeon.
You were not hungry.

You visited 1 branch of the dungeon, and saw 3 of its levels.

You collected 130 gold pieces.

Inventory:

Hand Weapons
 a - a +0 war axe (weapon)
 m - a cursed -3 spear
Armour
 c - a +0 shield (worn)
 k - a +0 chain mail (worn)
Jewellery
 g - a ring of poison resistance (left hand)
Wands
 l - a wand of random effects (20)
Scrolls
 h - a scroll of remove curse
 i - a scroll of magic mapping {unknown}
Potions
 b - a potion of curing
 d - 2 potions of might
 e - a potion of cancellation {unknown}
 j - a potion of lignification {unknown}
Comestibles
 f - 3 rations
 n - 3 chunks of flesh


   Skills:
 + Level 4.5 Fighting
 + Level 3.9 Axes
 + Level 3.7 Armour
 + Level 0.6 Dodging
 + Level 0.1 Stealth
 + Level 4.2 Shields


You had 3 spell levels left.
You didn't know any spells.
Your spell library was empty.

Dungeon Overview and Level Annotations

Branches:
Dungeon (3/15)

Altars:
Gozag


Message History

The orc priest mumbles some strange prayers to Beogh against you.
Beogh smites you!
* * * LOW HITPOINT WARNING * * *
You are too injured to fight recklessly!
Unknown command.
You are too injured to fight recklessly!
You feel very mighty all of a sudden. The orc priest barely misses you.
You hit the orc priest.
The orc priest is heavily wounded.
You block the orc priest's attack.
Your shield and chain mail prevent you from hitting the orc priest.
The orc priest shouts, "Surrender to Beogh and we'll let you live!"
The orc priest is heavily wounded.
The orc priest invokes the aid of Beogh against you.
Pain shoots through your body!
* * * LOW HITPOINT WARNING * * *
The orc priest invokes the aid of Beogh against you.
Pain shoots through your body!
You die...

####### ##.....##
##.......## #########
#.........# #........
##.........# #........
...........#####))......
##...........).(@†......
#.........#####.o......
#.........# #.......>
#.........# #........
##.........# ####..###
............ .##
#............ #
##........#..#
###......##


You could see an orc priest.

Vanquished Creatures
  A worker ant (D:2)
  A gnoll (D:1)
  2 adders
  A worm (D:2)
  A dart slug (D:2)
  A leopard gecko (D:3)
  5 orcs (D:3)
  2 ball pythons
  3 giant cockroaches (D:1)
  6 goblins
  2 hobgoblins (D:3)
  2 jackals (D:3)
  3 quokkas (D:3)
  5 bats
  2 frilled lizards
  6 kobolds
  8 rats
51 creatures vanquished.

Notes
Turn   | Place    | Note
-------+----------+-------------------------------------------
     0 | D:1      | kaze the Hill Orc Fighter began the quest for the Orb.
     0 | D:1      | Reached XP level 1. HP: 19/19 MP: 1/1
   138 | D:1      | Reached XP level 2. HP: 22/27 MP: 2/2
   523 | D:2      | Reached XP level 3. HP: 33/33 MP: 3/3
   568 | D:2      | Reached XP level 4. HP: 13/41 MP: 4/4
  1188 | D:3      | Found an opulent altar of Gozag.
  1471 | D:3      | Killed from afar by an orc priest

Skill      XL: |  1  2  3  4 |
---------------+-------------+-----
Fighting       | 4 |  4.5
Axes           | 3 |  3.9
Shields        | 4 |  4.2
Armour         | |  3.7
Dodging        | |  0.6
Stealth        | |  0.1

Action                   |  1- 3 |  4- 6 || total
-------------------------+-------+-------++-------
Melee: War axe           |    64 |   108 ||   172
  Use: Scroll            |       |     2 ||     2
       Potion            |       |     2 ||     2
  Eat: Chunk             |       |     2 ||     2
Armor: Scale mail        |    22 |    13 ||    35
       Chain mail        |       |    45 ||    45
Dodge: Dodged            |    30 |    28 ||    58
Block: Shield            |    36 |    61 ||    97
